 Dungeon Sprint DCSS version 0.30.1-11-g7821555f0a (webtiles) character file.

Game seed: 7833337377572899525

7 Heoruswealwe the Covered (level 1, 0/20 HPs)
             Began as a Minotaur Fighter on Dec 3, 2023.
             Succumbed to a gnoll sergeant's poison
             ... in the Dungeon (Sprint IX: "|||||||||||||||||||||||||||||").
             The game lasted 00:00:18 (26 turns).

Heoruswealwe the Covered (Minotaur Fighter)           Turns: 26, Time: 00:00:19

Health: 0/20       AC:  7    Str: 20    XL:     1   Next: 83%
Magic:  0/0        EV:  9    Int:  5    God:
Gold:   0          SH:  4    Dex:  9    Spells: 0/0 levels left

rFire   . . .        a - +0 trident
rCold   . . .        d - +0 buckler
rNeg    . . .        c - +0 scale mail
rPois   .            (helmet restricted)
rElec   .            (no cloak)
rCorr   .            (no gloves)
SInv    .            (no boots)
Will    .....        (no amulet) Stlth
                     (no ring)
HPRegen 0.23/turn    (no ring)
MPRegen 0.07/turn

%: no teleportation
@: lethally poisoned (0 -> -18)
A: horns 2, retaliatory headbutt
a: no special abilities


You were in the Dungeon.
You visited 1 branch

Inventory:

Hand Weapons
 a - a +0 trident (weapon)
Armour
 c - a +0 scale mail (worn)
 d - a +0 buckler (worn)
Scrolls
 j - a scroll of blinking
Potions
 b - a potion of might
 f - a potion of heal wounds
 g - a potion of haste
 i - a potion of berserk rage


   Skills:
 + Level 4.2 Fighting
 * Level 4.0 Polearms
 + Level 4.3 Armour
 - Level 3.6 Shields


You couldn't memorise any spells.
You didn't know any spells.
Your spell library was empty.

Dungeon Overview and Level Annotations

Branches:
Dungeon (1/1)

Altars:


Innate Abilities, Weirdness & Mutations

You have a pair of horns on your head.
You reflexively headbutt those who attack you in melee.


Message History

The gnoll sergeant is wielding a +0 spear of venom.
The hound barks!
The iguana hisses angrily. x2
The gnoll sergeant closely misses you. You block the gnoll sergeant's attack.
There is an open door here.
You hit the gnoll sergeant but do no damage.
The gnoll sergeant barely misses you.
You hit the gnoll sergeant but do no damage.
The gnoll sergeant hits you but does no damage.
You are poisoned.
You puncture the gnoll sergeant!
The gnoll sergeant is moderately wounded.
You feel sick.
The dart slug briefly extends its eye-stalks.
The gnoll sergeant closely misses you. You furiously retaliate!
You headbutt the gnoll sergeant! You closely miss the gnoll sergeant.
The gnoll sergeant is severely wounded.
You feel sick.
The gnoll sergeant hits you with a +0 spear of venom.
You are more poisoned.
You barely miss the gnoll sergeant.
Your headbutt misses the gnoll sergeant.
The gnoll sergeant is severely wounded.
You feel sick.
The gnoll sergeant hits you with a +0 spear of venom!
Ouch! That really hurt!
* * * LOW HITPOINT WARNING * * *
You feel better.
The gnoll sergeant hits you but does no damage.
You are poisoned.
You barely miss the gnoll sergeant. You headbutt the gnoll sergeant!
The gnoll sergeant is almost dead.
You feel very sick.
The gnoll sergeant hits you with a +0 spear of venom!
* * * LOW HITPOINT WARNING * * *
You are more poisoned.
You barely miss the gnoll sergeant.
The gnoll sergeant is almost dead.
You die...

▓+▓
▓h▓
▓l▓
▓l▓
▓w▓
▓g▓
▓@▓
▓.▓
▓.▓
▓.▓
▓.▓
▓†▓
▓†▓
▓.▓
▓!▓


You could see a gnoll sergeant, 2 iguanas, a hound and a dart slug.

Vanquished Creatures
  A dart slug (D)
  A giant cockroach (D)
  A hobgoblin (D)
  A ball python (D)
  A bat (D)
5 creatures vanquished.

Notes
Turn   | Place    | Note
-------+----------+-------------------------------------------
     0 | D        | Heoruswealwe the Minotaur Fighter began the quest for the
                  | Orb.
     0 | D        | Reached XP level 1. HP: 19/19 MP: 0/0
    17 | D        | Noticed a hound
    17 | D        | Noticed an iguana
    17 | D        | Noticed an iguana
    17 | D        | Noticed a gnoll sergeant
    26 | D        | Succumbed to a gnoll sergeant's poison

Illustrated notes

Levels and vault maps discovered:
D:        linesprint [early_d, line_temple, items_1, d_10, items_2, lair_1,
          lair_end, items_3, orc_1, orc_end, items_4, d_15, swamp_1, shoals_1,
          snake_1, spider_1, d_20, vaults_1, items_5, swamp_end, shoals_end,
          snake_end, spider_end, vaults_end, d_27, items_6, zot_1, zot_end,
          crypt_end, forest_end, elf_end, slime_end, tomb_end, abyss_end,
          pan_hell_end]

Skill      XL: |  1 |
---------------+----+-----
Polearms       | 4 |  4.0
Fighting       | 4 |  4.2
Armour         | 4 |  4.3
Shields        | |  3.6

Action                     || total
---------------------------++-------
  Melee: Trident           ||    13
         Headbutt          ||     3
    Use: Potion            ||     1
 Armour: Scale mail        ||     3
  Dodge: Dodged            ||     6
  Block: Buckler           ||     2
